 Dungeon Crawl Stone Soup version 0.23.2-1-ga50397a (webtiles) character file.

Game seed: 5426923892176722148

81 esteth the Magician (level 4, 0/32 HPs)
             Began as a Gnoll Wizard on Apr 14, 2019.
             Slain by Robin
             ... wielding a +0 spear
              (4 damage)
             ... on level 2 of the Dungeon.
             The game lasted 00:02:49 (1087 turns).

esteth the Magician (Gnoll Wizard)                  Turns: 1087, Time: 00:02:50

Health: 0/32       AC:  2    Str:  9    XL:     4   Next: 40%
Magic:  4/13       EV: 14    Int: 21    God:
Gold:   50         SH:  0    Dex: 14    Spells: 16/17 levels left

rFire    . . .     SeeInvis .   k - +0 dagger (venom)
rCold    . . .     Gourm    .   (no shield)
rNeg     . . .     Faith    .   a - +0 robe
rPois    .         Spirit   .   b - +0 hat
rElec    .         Reflect  .   (no cloak)
rCorr    .         Harm     .   (no gloves)
MR       .....                  (no boots)
Stlth    +++.......             (no amulet)
HPRegen  0.10/turn              (no ring)
MPRegen  0.13/turn              (no ring)

@: no status effects
A: distributed training, fangs 1, strong nose
a: no special abilities


You were on level 2 of the Dungeon.
You were not hungry.

You visited 1 branch of the dungeon, and saw 2 of its levels.

You collected 50 gold pieces.

Inventory:

Hand Weapons
 e - a +0 club
 h - a +0 halberd
 k - a +0 dagger of venom (weapon)
Missiles
 j - 3 exploding tomahawks (quivered)
Armour
 a - a +0 robe (worn)
 b - a +0 hat (worn)
Scrolls
 f - a scroll of immolation {unknown}
 m - a scroll of amnesia {unknown}
Potions
 g - a potion of haste {unknown}
 i - a potion of berserk rage {unknown}
 l - a potion of heal wounds {unknown}
Comestibles
 d - 3 rations


   Skills:
 + Level 1.1 Fighting
 + Level 1.1 Short Blades
 + Level 1.1 Long Blades
 + Level 1.1 Axes
 + Level 1.1 Maces & Flails
 + Level 1.1 Polearms
 + Level 1.1 Staves
 + Level 1.1 Slings
 + Level 1.1 Bows
 + Level 1.1 Crossbows
 + Level 1.1 Throwing
 + Level 1.1 Armour
 + Level 4.6 Dodging
 + Level 4.2 Stealth
 + Level 1.1 Shields
 + Level 1.1 Unarmed Combat
 + Level 7.2 Spellcasting
 + Level 2.2 Conjurations
 + Level 0.8 Hexes
 + Level 0.8 Charms
 + Level 2.2 Summonings
 + Level 0.8 Necromancy
 + Level 2.2 Translocations
 + Level 0.8 Transmutations
 + Level 0.8 Fire Magic
 + Level 0.8 Ice Magic
 + Level 0.8 Air Magic
 + Level 0.8 Earth Magic
 + Level 0.8 Poison Magic
 + Level 1.2 Invocations
 + Level 1.1 Evocations


You had 16 spell levels left.
You knew the following spells:

 Your Spells              Type           Power        Failure   Level  Hunger
a - Magic Dart            Conj           ###.         3%          1    None

Your spell library contained the following spells:

 Spells                   Type           Power        Failure   Level  Hunger
 Blink                    Tloc           N/A          5%          2    None
 Call Imp                 Summ           ###.....     5%          2    None
 Slow                     Hex            ##......     9%          2    None
 Conjure Flame            Conj/Fire      ##......     14%         3    None
 Mephitic Cloud           Conj/Pois/Air  ##......     16%         3    None


Dungeon Overview and Level Annotations

Branches:
Dungeon (2/15)

Altars:

Annotations:
D:2 Robin


Innate Abilities, Weirdness & Mutations

Your experience applies equally to all skills.
You have very sharp teeth.
Your uncanny sense of smell can sniff out nearby items.


Message History

You barely miss the goblin. You hit the goblin.
The goblin is poisoned.
The goblin is severely wounded.
Robin closely misses you. The goblin closely misses you.
You hit the goblin.
You kill the goblin!
Robin closely misses you. Robin hits you with a +0 spear.
* * * LOW HITPOINT WARNING * * *
You hit Robin.
Robin is poisoned.
Robin is heavily wounded.
Robin hits you with a +0 spear.
* * * LOW HITPOINT WARNING * * *
You closely miss Robin.
Robin is heavily wounded.
Robin hits you but does no damage.
You hit Robin but do no damage.
Robin looks as sick as possible!
Robin is heavily wounded.
Robin hits you with a +0 spear.
You die...

##.....## ##.....##
##gg.## #.......# ##'##
#.....# #)# #...#
#.####### ##.##
#######.......# #.#
.....#..g####.# #.#
#......###.######.#
#####.#..)..).)g@.)...#
†).).(.....###.########
#####.##.......#
#>########## ..# ####


You could see Robin.

Vanquished Creatures
  A worker ant (D:2)
  A gnoll (D:1)
  A dart slug (D:1)
  2 leopard geckos (D:1)
  6 bats
  2 giant cockroaches
  15 goblins
  6 hobgoblins
  A kobold (D:1)
  2 rats (D:1)
37 creatures vanquished.

Notes
Turn   | Place    | Note
-------+----------+-------------------------------------------
     0 | D:1      | esteth the Gnoll Wizard began the quest for the Orb.
     0 | D:1      | Reached XP level 1. HP: 13/13 MP: 8/8
   128 | D:1      | Reached XP level 2. HP: 19/19 MP: 7/10
   309 | D:1      | Reached XP level 3. HP: 25/25 MP: 4/11
   795 | D:2      | Reached skill level 1 in Invocations
   862 | D:2      | Noticed Robin
   928 | D:2      | Reached skill level 1 in Fighting
   928 | D:2      | Reached skill level 1 in Short Blades
   928 | D:2      | Reached skill level 1 in Long Blades
   928 | D:2      | Reached skill level 1 in Axes
   928 | D:2      | Reached skill level 1 in Maces & Flails
   928 | D:2      | Reached skill level 1 in Polearms
   928 | D:2      | Reached skill level 1 in Staves
   928 | D:2      | Reached skill level 1 in Slings
   928 | D:2      | Reached skill level 1 in Bows
   928 | D:2      | Reached skill level 1 in Crossbows
   928 | D:2      | Reached skill level 1 in Throwing
   928 | D:2      | Reached skill level 1 in Armour
   928 | D:2      | Reached skill level 1 in Shields
   928 | D:2      | Reached skill level 1 in Unarmed Combat
   928 | D:2      | Reached skill level 1 in Evocations
   928 | D:2      | Reached XP level 4. HP: 32/32 MP: 0/13
  1087 | D:2      | Slain by Robin

Skill      XL: |  1  2  3 |
---------------+----------+-----
Conjurations   | 2 |  2.2
Summonings     | 2 |  2.2
Translocations | 2 |  2.2
Invocations    | 1 |  1.2
Fighting       | 1 |  1.1
Short Blades   | 1 |  1.1
Long Blades    | 1 |  1.1
Axes           | 1 |  1.1
Maces & Flails | 1 |  1.1
Polearms       | 1 |  1.1
Staves         | 1 |  1.1
Slings         | 1 |  1.1
Bows           | 1 |  1.1
Crossbows      | 1 |  1.1
Throwing       | 1 |  1.1
Armour         | 1 |  1.1
Shields        | 1 |  1.1
Unarmed Combat | 1 |  1.1
Evocations     | 1 |  1.1
Dodging        | |  4.6
Stealth        | |  4.2
Spellcasting   | |  7.2
Hexes          | |  0.8
Charms         | |  0.8
Necromancy     | |  0.8
Transmutations | |  0.8
Fire Magic     | |  0.8
Ice Magic      | |  0.8
Air Magic      | |  0.8
Earth Magic    | |  0.8
Poison Magic   | |  0.8

Action                   |  1- 3 |  4- 6 || total
-------------------------+-------+-------++-------
Melee: Dagger            |     2 |    17 ||    19
 Cast: Magic Dart        |    66 |    13 ||    79
Armor: Robe              |     1 |     3 ||     4
Dodge: Dodged            |     9 |    20 ||    29
